 Dungeon Crawl Stone Soup version 0.30.0-29-ga12c61a403 (webtiles) character file.

Game seed: 1737948752500700979

333 qw the Chopper (level 6, 0/39 HPs)
             Began as a Gargoyle Fighter on June 4, 2023.
             Slain by an ice beast (13 damage)
             ... on level 5 of the Dungeon.
             The game lasted 00:01:52 (3871 turns).

qw the Chopper (Gargoyle Fighter)                   Turns: 3871, Time: 00:01:52

Health: 0/39       AC: 13    Str: 21    XL:     6   Next: 53%
Magic:  6/6        EV:  7    Int:  9    God:
Gold:   225        SH:  4    Dex:  9    Spells: 5/5 levels left

rFire   . . .        Y - +1 war axe
rCold   . . .        c - +0 buckler
rNeg    + . .        j - +0 chain mail
rPois   inf          (no helmet)
rElec   +            (no cloak)
rCorr   .            (no gloves)
SInv    .            (no boots)
Will    .....        (no amulet) Stlth
                     (no ring)
HPRegen 0.26/turn    (no ring)
MPRegen 0.10/turn

%: no passive effects
@: no status effects
A: sickness immunity, AC +4, negative energy resistance 1, electricity
resistance, torment resistance 1, petrification resistance
a: no special abilities


You were on level 5 of the Dungeon.
You visited 1 branch of the dungeon, and saw 5 of its levels.

You collected 251 gold pieces.
You spent 26 gold pieces at shops.


Innate Abilities, Weirdness & Mutations

You are immune to sickness and miasma.
Your stone body is resilient. (AC +4)
You are immune to poison.
You resist negative energy. (rN+)
You are resistant to electric shocks. (rElec)
You are resistant to unholy torment.
You are immune to petrification.


   Skills:
 - Level 4.3 Fighting
 + Level 5.6 Axes
 - Level 3.2 Armour
 - Level 3.2 Shields


You had 5 spell levels left.
You didn't know any spells.
Your spell library was empty.

Inventory:

Hand Weapons
 g - a +0 flail
 Y - a +1 war axe (weapon)
Missiles
 e - 3 boomerangs (quivered)
Armour
 c - a +0 buckler (worn)
 j - a +0 chain mail (worn)
Scrolls
 a - 3 scrolls of identify
 l - a scroll of teleportation
Potions
 b - a potion of lignification
 d - 3 potions of might
 f - a potion of heal wounds

Dungeon Overview and Level Annotations

Branches:
Dungeon (5/15)
 Temple: D:4-7

Altars:
Uskayaw
Vehumet
Zin

Shops:
D:1 :   D:4 *


Message History

You resist with some effort.
There is a stone staircase leading up here.
The orc shouts!
You slash the orc wizard!
The orc wizard is severely wounded.
You block the orc wizard's attack.
You closely miss the orc wizard.
The orc wizard is severely wounded.
A hound comes into view.
The orc wizard hits you with a +0 dagger.
The hound moves out of view.
You hit the orc wizard.
You kill the orc wizard!
An ufetubus comes into view.
3862 ||| Stepping ~*~*~tactically~*~*~ (stealth).
You barely miss the ice beast. The ice beast hits you.
The ice beast freezes you!
The ice beast hits you but does no damage.
You hit the ice beast.
The ice beast is lightly wounded.
The ice beast hits you but does no damage.
You hit the ice beast.
The ice beast is heavily wounded.
The ice beast hits you but does no damage.
You slash the ice beast!
The ice beast is almost dead.
The ice beast hits you. The ice beast freezes you!
You closely miss the ice beast.
The ice beast is almost dead.
You block the ice beast's attack. The ice beast closely misses you.
You closely miss the ice beast.
The ice beast is severely wounded.
The ice beast hits you but does no damage.
You closely miss the ice beast.
The ice beast is severely wounded.
The ice beast hits you but does no damage.
You barely miss the ice beast.
The ice beast is severely wounded.
The ice beast hits you. The ice beast freezes you!
You die...

5#
#####o...
#o)...#
#Y# #@#
#.# #)#
#.# #.#
#.# #.#
#..


You could see an ice beast and an orc.

Vanquished Creatures
  An orc priest (D:4)
  A hound (D:3)
  3 orc wizards
  Ijyb (D:3)
  A statue (D:4)
  4 adders
  An ufetubus (D:3)
  2 worms (D:2)
  2 dart slugs
  7 orcs
  6 bats
  10 endoplasms
  8 giant cockroaches
  12 goblins
  10 hobgoblins
  10 kobolds
  2 quokkas
  9 ball pythons
  A frilled lizard (D:2)
  5 rats
96 creatures vanquished.

Notes
Turn   | Place    | Note
-------+----------+-------------------------------------------
     0 | D:1      | qw the Gargoyle Fighter began the quest for the Orb.
     0 | D:1      | Reached XP level 1. HP: 14/14 MP: 1/1
     0 | D:1      | 0 ||| qw: Version: 0.2-a-107-g4668610
     0 | D:1      | 0 ||| qw: Game counter: 1262
     0 | D:1      | 0 ||| qw: Always use a shield: true
     0 | D:1      | 0 ||| qw: God list: Okawaru
     0 | D:1      | 0 ||| qw: Allow faded altars: false
     0 | D:1      | 0 ||| qw: Do Orc after D:15 true
     0 | D:1      | 0 ||| qw: Do second Lair branch before Depths: true
     0 | D:1      | 0 ||| qw: Lair rune preference: random
     0 | D:1      | 0 ||| qw: Plans: Normal, Zot:1-4, Slime:5, God:TSO, Crypt,
                  | Tomb, Abyss, Pan, Hells, Win
     0 | D:1      | 0 ||| PLANNING D:1-11
    39 | D:1      | Reached skill level 2 in Axes
   108 | D:1      | Reached XP level 2. HP: 19/19 MP: 2/2
   388 | D:1      | Found Pujac's Vocational Training.
   419 | D:1      | Reached skill level 3 in Axes
   425 | D:1      | Reached XP level 3. HP: 13/23 MP: 3/3
   469 | D:1      | 469 ||| DROPPING +0 club.
   484 | D:1      | 484 ||| Stepping ~*~*~tactically~*~*~ (stealth).
   912 | D:1      | 912 ||| READING scroll labelled ETSEUSCHAZOA.
   913 | D:1      | 913 ||| READING scroll labelled XEDENAG XEJIQ.
   914 | D:1      | 914 ||| READING 2 scrolls labelled WASKYEGRURIE.
   915 | D:1      | 915 ||| DROPPING scroll of fog.
  1226 | D:2      | 1226 ||| FLEEEEING.
  1228 | D:2      | 1228 ||| Stepping ~*~*~tactically~*~*~ (stealth).
  1236 | D:2      | Reached XP level 4. HP: 28/28 MP: 4/4
  1609 | D:2      | 1609 ||| DROPPING +0 whip.
  1670 | D:2      | 1670 ||| READING 2 scrolls labelled NUCWEU MENIMI.
  1671 | D:2      | 1671 ||| DRINKING 3 viscous amethyst potions.
  1718 | D:3      | Reached skill level 4 in Axes
  1748 | D:3      | 1748 ||| Stepping ~*~*~tactically~*~*~ (stealth).
  1752 | D:3      | 1752 ||| Stepping ~*~*~tactically~*~*~ (stealth).
  1774 | D:3      | 1774 ||| DROPPING +0 whip of draining.
  1786 | D:3      | Noticed a +0 dagger
  1786 | D:3      | Noticed a +0 dagger
  1789 | D:3      | Found a hide-covered altar of Uskayaw.
  1796 | D:3      | 1796 ||| READING 4 scrolls of identify.
  1796 | D:3      | 1796 ||| IDENTIFYING cyan potion
  1797 | D:3      | 1797 ||| DROPPING potion of flight.
  1911 | D:3      | 1911 ||| Stepping ~*~*~tactically~*~*~ (stealth).
  1912 | D:3      | 1912 ||| Stepping ~*~*~tactically~*~*~ (stealth).
  1916 | D:3      | 1916 ||| Stepping ~*~*~tactically~*~*~ (stealth).
  1982 | D:3      | Noticed Ijyb
  1993 | D:3      | Killed Ijyb
  1994 | D:3      | Reached XP level 5. HP: 19/32 MP: 5/5
  2070 | D:3      | 2070 ||| Stepping ~*~*~tactically~*~*~ (stealth).
  2411 | D:3      | Reached skill level 5 in Axes
  2439 | D:3      | 2439 ||| UPGRADING to +0 chain mail.
  2449 | D:3      | 2449 ||| DROPPING +0 scale mail.
  2450 | D:3      | 2450 ||| READING scroll labelled DEEN TODOES.
  2551 | D:3      | 2551 ||| READING scroll labelled MUNATE SEONLAO.
  2604 | D:4      | 2604 ||| STAIRDANCE
  2620 | D:4      | 2620 ||| STAIRDANCE
  2840 | D:4      | Found a glowing silver altar of Zin.
  3076 | D:4      | Found Oris's General Store.
  3080 | D:4      | 3080 ||| SHOPLISTING amulet of the acrobat (390 gold, have
                  | 214).
  3080 | D:4      | 3080 ||| BUYING scroll of identify (26 gold).
  3080 | D:4      | Bought a scroll of identify for 26 gold pieces
  3197 | D:4      | 3197 ||| Stepping ~*~*~tactically~*~*~ (hiding).
  3198 | D:4      | 3198 ||| Stepping ~*~*~tactically~*~*~ (hiding).
  3213 | D:4      | HP: 6/33 [orc priest/+0 hand axe (4)]
  3214 | D:4      | 3214 ||| DRINKING 2 potions of heal wounds.
  3223 | D:4      | Reached XP level 6. HP: 21/39 MP: 6/6
  3319 | D:4      | Found a radiant altar of Vehumet.
  3325 | D:4      | 3325 ||| FLEEEEING.
  3326 | D:4      | 3326 ||| FLEEEEING.
  3795 | D:4      | 3795 ||| READING scroll labelled PIESTA XOILE.
  3824 | D:4      | 3824 ||| READING scroll labelled ZURYTO GIQ WAUMU.
  3825 | D:4      | 3825 ||| READING scroll labelled IMAZXOS HA RUDGH.
  3826 | D:4      | 3826 ||| READING 4 scrolls of identify.
  3826 | D:4      | 3826 ||| IDENTIFYING fizzy pink potion
  3851 | D:5      | Entered Level 5 of the Dungeon
  3852 | D:5      | 3852 ||| Stepping ~*~*~tactically~*~*~ (hiding).
  3858 | D:5      | Noticed an ice beast
  3862 | D:5      | 3862 ||| Stepping ~*~*~tactically~*~*~ (stealth).
  3871 | D:5      | Slain by an ice beast

Levels and vault maps discovered:
D:1:      dpeg_arrival_prison, layout_loops_ring, nicolae_shop_vocational
D:2:      layout_loops_ring, nicolae_elevator_lobby_plus
D:3:      layout_loops_ring, dancing_weapons_uskayaw, grunt_decor_junction,
          minmay_goblin_outpost, uniq_ijyb
D:4:      minmay_wonky_spiral, layout_layer_cave, zin_academy, vehumet_statue,
          serial_shops, nicolae_diamond_shop
D:5:      layout_loops_ring, minitemple, serial_shops, shop_fountains,
          minmay_circle_x

Skill      XL: |  1  2  3  4  5 |
---------------+----------------+-----
Axes           | 2 3 4 5 |  5.6
Fighting       | 4 |  4.3
Armour         | |  3.2
Shields        | |  3.2

Action                     |  1- 3 |  4- 6 || total
---------------------------+-------+-------++-------
  Melee: War axe           |   126 |   169 ||   295
  Throw: Boomerang         |       |    44 ||    44
    Use: Scroll            |     3 |     8 ||    11
         Potion            |       |     2 ||     2
 Armour: Scale mail        |    69 |    58 ||   127
         Chain mail        |       |    90 ||    90
  Dodge: Dodged            |    66 |    81 ||   147
  Block: Buckler           |    22 |    38 ||    60

Table legend:
 A = Non-vault XP
 B = Vault XP
 C = Vault XP percentage of total XP
 D = Non-vault monster count
 E = Vault monster count
 F = Vault count percentage of total count
                 A         B        C        D         E       F
            +---------+---------+-------+---------+---------+-------
      Total |     347 |     130 |  27.3 |      78 |      18 |  18.8
            +---------+---------+-------+---------+---------+-------
        D:1 |      48 |       6 |  11.1 |      29 |       4 |  12.1
        D:2 |      40 |       0 |   0.0 |      13 |       0 |   0.0
        D:3 |     107 |      53 |  33.1 |      21 |      10 |  32.3
        D:4 |     152 |      36 |  19.1 |      15 |       3 |  16.7
        D:5 |       0 |      35 | 100.0 |       0 |       1 | 100.0
            +---------+---------+-------+---------+---------+-------
